[Event "GER-ch Women 2020"]
[Site "Magdeburg"]
[Date "2020.08.18"]
[Round "4.3"]
[White "Osmanodja, Filiz"]
[Black "Mehling, Katharina"]
[Result "1-0"]
[ECO "B12"]
[WhiteElo "2293"]
[BlackElo "1947"]
[Annotator "ChessBase"]
[PlyCount "73"]
[EventDate "2020.08.16"]
[EventType "swiss"]
[EventCountry "GER"]
[SourceTitle "playchess.com"]
[Source "ChessBase"]
[SourceQuality "1"]
[TimeControl "40/5400+30:1800+30"]

1. e4 c6 2. d4 g6 3. Nc3 d5 4. h3 dxe4 5. Nxe4 Nf6 6. Nxf6+ exf6 7. Nf3 Bg7 8. Bd3 O-O 9. O-O a5 10. Bf4 Na6 11. c4 Nc7 12. Bc2 Be6 13. b3 Qd7 14. Rc1 Rfd8 15. Re1 Bf8 16. Qe2 Re8 17. Qf1 Na6 18. Bb1 a4 19. bxa4 Nc7 20. d5 Nxd5 21. cxd5 Bxd5 22. Rxe8 Qxe8 23. Qd1 Qd7 24. Nh2 h5 25. Nf1 c5 26. Ne3 Bc6 27. Qxd7 Bxd7 28. Nd5 Bxa4 29. Nxf6+ Kg7 30. Be5 Kh6 31. g4 Be7 32. g5+ Kxg5 33. Nd5 Bf8 34. Bf4+ Kh4 35. Kh2 Rd8 36. Rc4 Rxd5 37. Be3+ 1-0

[Event "GER-ch Women 2020"]
[Site "Magdeburg"]
[Date "2020.08.18"]
[Round "4.4"]
[White "Vidonyak, Nellya"]
[Black "Butenandt, Svenja"]
[Result "1-0"]
[ECO "A46"]
[WhiteElo "2136"]
[BlackElo "1879"]
[Annotator "ChessBase"]
[PlyCount "49"]
[EventDate "2020.08.16"]
[EventType "swiss"]
[EventCountry "GER"]
[SourceTitle "playchess.com"]
[Source "ChessBase"]
[SourceQuality "1"]
[TimeControl "40/5400+30:1800+30"]

1. d4 Nf6 2. Nf3 e6 3. b3 d5 4. e3 Bd6 5. Bd3 b6 6. c4 c6 7. O-O O-O 8. Ne5 Bb7 9. Bb2 Nbd7 10. Nd2 c5 11. Nxd7 Nxd7 12. dxc5 Bxc5 13. Qh5 f5 14. Nf3 Nf6 15. Qh3 Nd7 16. cxd5 Bxd5 17. e4 fxe4 18. Bxe4 Nf6 19. Bxf6 Qxf6 20. Qxh7+ Kf7 21. Qh5+ g6 22. Qh7+ Ke8 23. Bxd5 exd5 24. Rae1+ Kd8 25. Qb7 1-0

[Event "GER-ch Women 2020"]
[Site "Magdeburg"]
[Date "2020.08.18"]
[Round "4.5"]
[White "Heutling, Elina"]
[Black "Rogozenco, Teodora"]
[Result "0-1"]
[ECO "C77"]
[WhiteElo "1833"]
[BlackElo "1979"]
[Annotator "NA"]
[PlyCount "64"]
[EventDate "2020.08.16"]
[EventType "swiss"]
[EventCountry "GER"]
[SourceTitle "playchess.com"]
[Source "ChessBase"]
[SourceQuality "1"]
[TimeControl "40/5400+30:1800+30"]

1. e4 e5 2. Nf3 Nc6 3. Bb5 a6 4. Ba4 Nf6 5. d3 d6 6. c3 g6 7. O-O Bg7 8. Nbd2 O-O 9. Re1 b5 10. Bc2 {[%emt 0:00:35] C77: Ruy Lopez: 3...a6 4 Ba4 Nf6, unusual lines.} d5 11. Nf1 {[%emt 0:09:50] [#]} Rb8 $146 ({Predecessor:} 11... Bb7 12. Ne3 Re8 13. exd5 Nxd5 14. Nxd5 Qxd5 15. Be3 h6 16. Qd2 Kh7 17. a4 Rad8 {0-1 (26) Antolak,J (1974)-Franzen,J (2310) Police 2015}) 12. Bg5 h6 13. exd5 Qxd5 14. Bxf6 Bxf6 15. Ng3 Bg7 16. Ne4 Qd8 17. Nc5 Re8 18. Qd2 Qd6 19. b4 a5 20. a3 Bg4 21. Qe3 Ne7 22. h3 Nd5 $1 {[%emt 0:00:43] Double Attack} 23. Qd2 Bxf3 24. gxf3 Nf4 25. Kh2 {[%emt 0:01:12] [#]} e4 $1 26. Rxe4 $2 (26. d4 {was the only defense.} Nd3+ 27. f4 Nxe1 28. Rxe1) 26... Rxe4 27. Nxe4 Qe6 28. Kg1 Be5 29. Qe1 Qxh3 30. Qf1 {[%emt 0:00:04] [#]} Ne2+ $11 {[%emt 0:00:33] Back Rank} 31. Qxe2 Qh2+ 32. Kf1 Qh1# 0-1

[Event "GER-ch Women 2020"]
[Site "Magdeburg"]
[Date "2020.08.18"]
[Round "4.6"]
[White "Von Herman, Brigitte"]
[Black "Just, Anita"]
[Result "0-1"]
[ECO "C15"]
[WhiteElo "2085"]
[BlackElo "1912"]
[Annotator "ChessBase"]
[PlyCount "80"]
[EventDate "2020.08.16"]
[EventType "swiss"]
[EventCountry "GER"]
[SourceTitle "playchess.com"]
[Source "ChessBase"]
[SourceQuality "1"]
[TimeControl "40/5400+30:1800+30"]

1. e4 e6 2. d4 d5 3. Nc3 Bb4 4. exd5 exd5 5. Bd3 Nc6 6. a3 Bxc3+ 7. bxc3 Nge7 8. Qf3 Be6 9. Nh3 Qd7 10. Ng5 O-O-O 11. O-O h6 12. Nxe6 Qxe6 13. a4 f5 14. Ba3 Qf6 15. Rfe1 Kb8 16. Re2 g6 17. Rae1 Nc8 18. Re6 Qf7 19. Qe2 Nd6 20. Bxd6 cxd6 21. Bb5 Ne5 22. Rxe5 dxe5 23. Rb1 e4 24. a5 Rd6 25. Ba6 Rd7 26. c4 Ka8 27. Bb5 Rdd8 28. c5 Qc7 29. Qd2 f4 30. Qb4 Rhf8 31. Qa4 Rf6 32. c4 a6 33. Be8 Re6 34. c6 Rdxe8 35. cxd5 R6e7 36. Rxb7 Rb8 37. d6 Rxb7 38. cxb7+ Qxb7 39. h3 Rd7 40. Qc4 Rxd6 0-1

[Event "GER-ch Women 2020"]
[Site "Magdeburg"]
[Date "2020.08.18"]
[Round "4.7"]
[White "Bluebaum, Johanna"]
[Black "Stowicek, Yara Mathilda"]
[Result "1-0"]
[ECO "A52"]
[WhiteElo "2011"]
[BlackElo "1674"]
[Annotator "ChessBase"]
[PlyCount "138"]
[EventDate "2020.08.16"]
[EventType "swiss"]
[EventCountry "GER"]
[SourceTitle "playchess.com"]
[Source "ChessBase"]
[SourceQuality "1"]
[TimeControl "40/5400+30:1800+30"]

1. d4 Nf6 2. c4 e5 3. dxe5 Ng4 4. Bf4 Nc6 5. Nf3 Bb4+ 6. Nbd2 Qe7 7. e3 Ngxe5 8. Nxe5 Nxe5 9. Be2 O-O 10. O-O Bxd2 11. Qxd2 d6 12. Rfd1 Bf5 13. Rac1 Rad8 14. Qa5 b6 15. Qa3 a5 16. Rd5 Qf6 17. Qc3 Be4 18. Bxe5 Qg6 19. Bg3 Bxd5 20. cxd5 Rd7 21. Bd3 f5 22. Qc6 Qf7 23. Bb5 Re7 24. Bh4 Re4 25. Bg3 Re7 26. Bd3 h6 27. Qc2 g6 28. Re1 Rfe8 29. Bb5 Rf8 30. f3 Kh7 31. e4 f4 32. Bh4 Re5 33. Rc1 c5 34. Be1 Re7 35. Bc3 Kg8 36. b3 h5 37. e5 Kh7 38. e6 Qf5 39. Qxf5 Rxf5 40. Bc6 g5 41. a3 g4 42. b4 axb4 43. axb4 Rf8 44. bxc5 bxc5 45. Rb1 Kg6 46. Bb5 Kg5 47. Bc6 Kg6 48. Kf2 Kg5 49. Ke2 Kg6 50. Kd3 Kf5 51. Rb6 Rd8 52. Kc4 Kg6 53. Ba4 Ra7 54. Bc2+ Kg5 55. Bb3 Kf5 56. Kb5 Rc7 57. Bc2+ Kg5 58. Ba5 Ra7 59. Ra6 Rb8+ 60. Bb6 Rxa6 61. Kxa6 Rxb6+ 62. Kxb6 Kf6 63. fxg4 hxg4 64. Bd1 g3 65. hxg3 fxg3 66. Kb5 Ke7 67. Kc4 Kf6 68. Kd3 Ke7 69. Ke4 Kf6 1-0

[Event "GER-ch Women 2020"]
[Site "Magdeburg"]
[Date "2020.08.18"]
[Round "4.8"]
[White "Kuehnel, Lena"]
[Black "Kopylov, Luba"]
[Result "1/2-1/2"]
[ECO "B54"]
[WhiteElo "1972"]
[BlackElo "2027"]
[Annotator "NA"]
[PlyCount "74"]
[EventDate "2020.08.16"]
[EventType "swiss"]
[EventCountry "GER"]
[SourceTitle "playchess.com"]
[Source "ChessBase"]
[SourceQuality "1"]
[TimeControl "40/5400+30:1800+30"]

1. e4 c5 2. Nf3 d6 3. d4 cxd4 4. Nxd4 Nf6 5. f3 Nc6 6. c4 Qb6 7. Nc2 e6 8. Nc3 Be7 {[%emt 0:00:38] B55: Sicilian: 2...d6 3 d4 cxd4 4 Nxd4 Nf6 5 f3.} 9. Rb1 Nb4 10. Nxb4 Qxb4 11. Be3 O-O 12. Be2 {[%emt 0:02:55] [#]} Rd8 $146 ({Predecessor:} 12... Bd7 13. O-O Bc6 14. a3 Qa5 15. b4 Qc7 16. Rc1 Qb8 17. Qb3 b6 18. Rfd1 Rd8 {½-½ (29) Mastrovasilis,D (2533)-Georgiev,K (2637) Topola 2004}) 13. O-O d5 14. cxd5 exd5 15. e5 Bc5 16. Bxc5 Qxc5+ 17. Kh1 Ne8 18. f4 g6 19. Rc1 Be6 20. Qe1 Rac8 21. Rd1 Qb4 22. Rd2 d4 23. a3 Qb3 24. Ne4 Qe3 25. Bd3 Bf5 26. Nf6+ Nxf6 $11 27. Bxf5 gxf5 28. exf6 Qxe1 29. Rxe1 d3 30. Kg1 Rd4 31. Red1 Rcd8 32. g3 h5 33. Kf2 Kh7 34. Ke3 Re4+ 35. Kf3 Red4 36. Ke3 Re4+ 37. Kf3 Red4 1/2-1/2

[Event "GER-ch Women 2020"]
[Site "Magdeburg"]
[Date "2020.08.18"]
[Round "4.9"]
[White "Bardorz, Jana"]
[Black "Hielscher, Ursula"]
[Result "1-0"]
[ECO "C02"]
[WhiteElo "2000"]
[BlackElo "1789"]
[Annotator "NA"]
[PlyCount "87"]
[EventDate "2020.08.16"]
[EventType "swiss"]
[EventCountry "GER"]
[SourceTitle "playchess.com"]
[Source "ChessBase"]
[SourceQuality "1"]
[TimeControl "40/5400+30:1800+30"]

1. e4 e6 2. d4 d5 3. e5 c5 4. c3 Nc6 5. Nf3 Qb6 6. a3 Nge7 7. b4 cxd4 8. cxd4 Nf5 9. Be3 Nxe3 10. fxe3 Be7 11. Bd3 Bd7 {[%emt 0:01:40] C02: French: Advance Variation.} 12. Nc3 a6 13. Na4 Qd8 14. Nc5 {[%emt 0:03:09] [#]} Bxc5 $146 ({Predecessor:} 14... Qc8 15. Rc1 O-O 16. O-O Be8 17. Qc2 g6 18. Qf2 b6 19. Nb3 Qb7 20. Qg3 Na7 {1-0 (62) Kontic,D (2306)-Zhukov,A (1582) Petrovac 2015}) 15. bxc5 Qa5+ 16. Nd2 Qc3 17. Ke2 Nxd4+ 18. exd4 Qxd4 19. Nf3 Qxc5 20. Qb3 Bc6 21. Rac1 Qe7 22. Qb4 Qxb4 23. axb4 h6 24. Nd4 Kd7 25. Rc5 Rhc8 26. Rf1 Ke7 27. Rfc1 Kd7 28. Kd2 f6 29. exf6 gxf6 30. Re1 Re8 31. Nxe6 Rxe6 32. Bf5 Rae8 33. Rc3 Kd6 34. Rxe6+ Rxe6 35. Bxe6 Kxe6 36. Rh3 Ke5 37. Rxh6 Kf5 38. Kd3 Kg5 39. Rh8 Kg6 40. Kd4 $18 Kf5 41. g3 Kg4 42. Rf8 Kh3 43. Rxf6 Kxh2 44. g4 1-0

[Event "GER-ch Women 2020"]
[Site "Magdeburg"]
[Date "2020.08.18"]
[Round "4.10"]
[White "Brunner, Sophia"]
[Black "Zimmer, Elke"]
[Result "1-0"]
[ECO "D02"]
[WhiteElo "1881"]
[BlackElo "1952"]
[Annotator "ChessBase"]
[PlyCount "81"]
[EventDate "2020.08.16"]
[EventType "swiss"]
[EventCountry "GER"]
[SourceTitle "playchess.com"]
[Source "ChessBase"]
[SourceQuality "1"]
[TimeControl "40/5400+30:1800+30"]

1. d4 d5 2. Nf3 Nf6 3. g3 e6 4. Bg2 c5 5. O-O Nc6 6. b3 Be7 7. Bb2 O-O 8. Nbd2 cxd4 9. Nxd4 Bd7 10. Nxc6 Bxc6 11. Nf3 b6 12. Ne5 Bb7 13. c4 Rc8 14. Rc1 Ba8 15. e3 a6 16. Qe2 a5 17. Rfd1 Bc5 18. cxd5 exd5 19. Nd3 Bd6 20. Rxc8 Qxc8 21. Bd4 Ne4 22. Rc1 Qe6 23. Qb2 Qg6 24. Ne5 Bxe5 25. Bxe5 Nc5 26. Bf1 d4 27. Bxd4 Nd3 28. Bxd3 Qxd3 29. Qc2 Qb5 30. e4 Re8 31. f3 h5 32. Qc4 Qg5 33. Bxb6 h4 34. Bf2 h3 35. Rd1 Qf6 36. Qd3 Bc6 37. Bd4 Qg5 38. Bb2 Bb5 39. Qd2 Qh5 40. Qc3 Qg5 41. Rd5 1-0

[Event "GER-ch Women 2020"]
[Site "Magdeburg"]
[Date "2020.08.19"]
[Round "5.1"]
[White "Bashylina, Luisa"]
[Black "Burchardt, Brigitte"]
[Result "0-1"]
[ECO "B53"]
[WhiteElo "1975"]
[BlackElo "2091"]
[Annotator "NA"]
[PlyCount "68"]
[EventDate "2020.08.16"]
[EventType "swiss"]
[EventCountry "GER"]
[SourceTitle "playchess.com"]
[Source "ChessBase"]
[SourceQuality "1"]
[TimeControl "40/5400+30:1800+30"]

1. e4 c5 2. Nf3 d6 3. d4 cxd4 4. Qxd4 Nc6 5. Bb5 Bd7 6. Bxc6 Bxc6 7. Nc3 Nf6 8. Bg5 e6 9. Qd3 {[%emt 0:00:45] B53: Sicilian: 2...d6: Lines with Qxd4.} h6 10. Bh4 Qa5 (10... Be7 $11 {remains equal.}) 11. O-O-O (11. Bxf6 $5 gxf6 12. O-O $14) 11... Be7 12. Nd4 O-O 13. f4 Rfe8 14. Bxf6 Bxf6 15. g4 {[%emt 0:00:24] [#]} Rad8 $146 ({Predecessor:} 15... e5 16. Nxc6 bxc6 17. f5 Rad8 18. h4 d5 19. Kb1 dxe4 20. Qxe4 Rxd1+ 21. Nxd1 Rd8 {1-0 (29) Movsesian,S (2658)-Kogan,A (2567) playchess.com INT 2006}) 16. h4 Bxd4 17. Qxd4 e5 18. Qg1 (18. fxe5 $11 Qxe5 19. Qxe5 Rxe5 20. Rd4) 18... exf4 19. g5 h5 20. g6 ({White should try} 20. Qd4 $15) 20... fxg6 21. Qxg6 Qe5 22. Rhg1 Re6 23. Qg2 Qf6 24. Qe2 Qf7 25. Rg5 f3 $19 26. Qe3 g6 27. e5 Rde8 28. Qd3 dxe5 29. Rdg1 e4 30. Qc4 Kh7 31. Nd1 b5 32. Qb3 f2 33. Rf1 e3 34. Nxe3 Qf4 0-1

[Event "GER-ch Women 2020"]
[Site "Magdeburg"]
[Date "2020.08.19"]
[Round "5.2"]
[White "Vidonyak, Nellya"]
[Black "Osmanodja, Filiz"]
[Result "1-0"]
[ECO "A46"]
[WhiteElo "2136"]
[BlackElo "2293"]
[Annotator "ChessBase"]
[PlyCount "97"]
[EventDate "2020.08.16"]
[EventType "swiss"]
[EventCountry "GER"]
[SourceTitle "playchess.com"]
[Source "ChessBase"]
[SourceQuality "1"]
[TimeControl "40/5400+30:1800+30"]

1. d4 Nf6 2. Nf3 e6 3. Bf4 c5 4. e3 Qb6 5. Nbd2 Qxb2 6. Bc4 Nc6 7. Rb1 Qa3 8. dxc5 Qxc5 9. Rb5 Qe7 10. O-O d5 11. Be2 a6 12. Rb6 Qd8 13. Rb1 b5 14. c3 Bd7 15. a4 bxa4 16. Qxa4 Be7 17. Qa2 O-O 18. Rb7 Bc8 19. Rb2 Nh5 20. Be5 Nf6 21. Bg3 a5 22. Bb5 Na7 23. Ba4 Ba6 24. Rfb1 Bd3 25. Ra1 Bd6 26. Ne5 Bf5 27. c4 Rc8 28. Bd1 Bxe5 29. Bxe5 Nc6 30. Bc3 Bd3 31. c5 Qe7 32. Qa3 Bg6 33. Rc1 e5 34. Nb3 d4 35. exd4 exd4 36. Re2 Qd7 37. Rd2 Qe6 38. Rxd4 Nxd4 39. Nxd4 Qd5 40. c6 Rfe8 41. Bb3 Qg5 42. Nf3 Qf4 43. Bd2 Qe4 44. Ba4 Bh5 45. Re1 Qd5 46. Rxe8+ Rxe8 47. c7 Qxd2 48. Nxd2 Re1+ 49. Nf1 1-0

[Event "GER-ch Women 2020"]
[Site "Magdeburg"]
[Date "2020.08.19"]
[Round "5.3"]
[White "Rogozenco, Teodora"]
[Black "Voicu-Jagodzinsky, Carmen"]
[Result "0-1"]
[ECO "A61"]
[WhiteElo "1979"]
[BlackElo "2244"]
[Annotator "ChessBase"]
[PlyCount "74"]
[EventDate "2020.08.16"]
[EventType "swiss"]
[EventCountry "GER"]
[SourceTitle "playchess.com"]
[Source "ChessBase"]
[SourceQuality "1"]
[TimeControl "40/5400+30:1800+30"]

1. d4 Nf6 2. c4 c5 3. d5 e6 4. Nc3 exd5 5. cxd5 d6 6. Nf3 g6 7. h3 Bg7 8. e4 O-O 9. Bd3 b5 10. Bxb5 Nxe4 11. Nxe4 Qa5+ 12. Nfd2 Qxb5 13. Nxd6 Qa6 14. N2c4 Nd7 15. O-O Ne5 16. Nxc8 Raxc8 17. Nxe5 Bxe5 18. Re1 Rfe8 19. Rb1 Qxa2 20. Bh6 Rcd8 21. d6 Bxd6 22. Qc2 Rxe1+ 23. Rxe1 Qd5 24. Qe2 Bf8 25. Bxf8 Rxf8 26. Qb5 Qd6 27. Rc1 Rb8 28. Qa5 Rxb2 29. Qxa7 Rd2 30. Qa8+ Kg7 31. Qf3 Qd4 32. Kf1 c4 33. Ke1 Rd3 34. Qe2 h5 35. Rd1 Rxd1+ 36. Qxd1 Qxd1+ 37. Kxd1 Kf6 0-1

[Event "GER-ch Women 2020"]
[Site "Magdeburg"]
[Date "2020.08.19"]
[Round "5.4"]
[White "Dietrich, Mareike"]
[Black "Just, Anita"]
[Result "0-1"]
[ECO "C07"]
[WhiteElo "1699"]
[BlackElo "1912"]
[Annotator "ChessBase"]
[PlyCount "110"]
[EventDate "2020.08.16"]
[EventType "swiss"]
[EventCountry "GER"]
[SourceTitle "playchess.com"]
[Source "ChessBase"]
[SourceQuality "1"]
[TimeControl "40/5400+30:1800+30"]

1. e4 e6 2. d4 d5 3. Nd2 c5 4. exd5 Qxd5 5. Ngf3 cxd4 6. Bc4 Qd6 7. O-O Nc6 8. Ne4 Qd8 9. Qe2 Nf6 10. Rd1 Be7 11. c3 O-O 12. Nxd4 Nxd4 13. Rxd4 Qc7 14. Bb3 e5 15. Rc4 Qd8 16. Nxf6+ Bxf6 17. Qe4 Be6 18. Bc2 g6 19. Rc5 b6 20. Rxe5 Bxe5 21. Qxe5 Qd5 22. Qf6 Qd8 23. Qe5 Re8 24. Bg5 Bf5 25. Qf4 f6 26. Bb3+ Kh8 27. Bh6 Qe7 28. g4 Be4 29. g5 Bf5 30. Qd4 Be6 31. Re1 Qf7 32. Ba4 Red8 33. Qe3 Bc4 34. gxf6 b5 35. Bc2 Re8 36. Bg7+ Kg8 37. Qd2 Rxe1+ 38. Qxe1 Re8 39. Qd2 Qe6 40. Qd4 Bd5 41. Qe3 Qxe3 42. fxe3 Rxe3 43. Kf2 Rf3+ 44. Kg1 Bxa2 45. Be4 Re3 46. Bc6 Bc4 47. Bh6 Re6 48. Bd7 Rxf6 49. Be3 Rd6 50. Bg4 a5 51. Bd4 a4 52. Kf2 Rxd4 53. cxd4 b4 54. Ke3 a3 55. Kd2 a2 0-1

[Event "GER-ch Women 2020"]
[Site "Magdeburg"]
[Date "2020.08.19"]
[Round "5.5"]
[White "Bluebaum, Johanna"]
[Black "Bardorz, Jana"]
[Result "0-1"]
[ECO "E92"]
[WhiteElo "2011"]
[BlackElo "2000"]
[Annotator "ChessBase"]
[PlyCount "64"]
[EventDate "2020.08.16"]
[EventType "swiss"]
[EventCountry "GER"]
[SourceTitle "playchess.com"]
[Source "ChessBase"]
[SourceQuality "1"]
[TimeControl "40/5400+30:1800+30"]

1. d4 Nf6 2. c4 g6 3. Nc3 Bg7 4. e4 d6 5. Nf3 O-O 6. Be2 e5 7. Be3 exd4 8. Nxd4 Re8 9. f3 c6 10. Nc2 d5 11. O-O dxe4 12. Qxd8 Rxd8 13. Rad1 Re8 14. fxe4 Nbd7 15. Bd3 Ne5 16. Bg5 Nxd3 17. Bxf6 Nxb2 18. Rd4 Be6 19. c5 Bxf6 20. Rxf6 Kg7 21. Rf1 Nc4 22. Rfd1 b6 23. Na4 b5 24. Nc3 a5 25. Kf2 Kf8 26. h3 Ke7 27. Ke2 Red8 28. Rxd8 Rxd8 29. Nd4 Ne5 30. Rd2 b4 31. Nxe6 Rxd2+ 32. Kxd2 bxc3+ 0-1

[Event "GER-ch Women 2020"]
[Site "Magdeburg"]
[Date "2020.08.19"]
[Round "5.6"]
[White "Butenandt, Svenja"]
[Black "Kuehnel, Lena"]
[Result "1-0"]
[ECO "D20"]
[WhiteElo "1879"]
[BlackElo "1972"]
[Annotator "ChessBase"]
[PlyCount "129"]
[EventDate "2020.08.16"]
[EventType "swiss"]
[EventCountry "GER"]
[SourceTitle "playchess.com"]
[Source "ChessBase"]
[SourceQuality "1"]
[TimeControl "40/5400+30:1800+30"]

1. d4 d5 2. c4 dxc4 3. e4 e5 4. Nf3 exd4 5. Bxc4 Nc6 6. O-O Nf6 7. Nbd2 Be7 8. h3 O-O 9. e5 Nd5 10. Nb3 Nb6 11. Bb5 Nxe5 12. Nxe5 Qd5 13. Qe2 Bd6 14. Nf3 c5 15. Nbd2 Bf5 16. Nh4 Be6 17. Qe4 Qh5 18. Be2 Qd5 19. Bf3 Rac8 20. Qe2 Qg5 21. Ne4 Qd8 22. Nxd6 Qxd6 23. Bxb7 Rce8 24. Qh5 Bc4 25. Nf5 Qf6 26. Qg4 Bxf1 27. Kxf1 Qg6 28. Bg5 f6 29. Bf4 Qxg4 30. hxg4 Re6 31. Bd6 Rf7 32. Bf3 c4 33. Bc5 Rd7 34. Bxd4 g6 35. Bxb6 Rxb6 36. Ne3 Rxb2 37. Nxc4 Rc2 38. Ne3 Rb2 39. Rd1 Rxd1+ 40. Bxd1 Kf8 41. Bb3 Rd2 42. Nd5 Kg7 43. Ke1 Rd4 44. f3 f5 45. gxf5 gxf5 46. g3 h5 47. Ne3 Kf6 48. Bc2 h4 49. gxh4 Rxh4 50. Nxf5 Rh1+ 51. Kd2 Rh2+ 52. Kc3 Rxc2+ 53. Kxc2 Kxf5 54. Kd2 Kf4 55. Ke2 Kf5 56. Ke3 Ke5 57. a4 Kf5 58. a5 Ke5 59. a6 Kf5 60. Kd4 Kf4 61. Kc5 Kxf3 62. Kc6 Ke4 63. Kb7 Kd5 64. Kxa7 Kc6 65. Kb8 1-0

[Event "GER-ch Women 2020"]
[Site "Magdeburg"]
[Date "2020.08.19"]
[Round "5.7"]
[White "Mehling, Katharina"]
[Black "Heutling, Elina"]
[Result "1-0"]
[ECO "C45"]
[WhiteElo "1947"]
[BlackElo "1833"]
[Annotator "ChessBase"]
[PlyCount "121"]
[EventDate "2020.08.16"]
[EventType "swiss"]
[EventCountry "GER"]
[SourceTitle "playchess.com"]
[Source "ChessBase"]
[SourceQuality "1"]
[TimeControl "40/5400+30:1800+30"]

1. e4 e5 2. Nf3 Nc6 3. d4 exd4 4. Nxd4 Nf6 5. Nxc6 bxc6 6. e5 Qe7 7. Qe2 Nd5 8. c4 Ba6 9. Nd2 g6 10. Nf3 Bg7 11. Bg5 Qb4+ 12. Qd2 Qxd2+ 13. Kxd2 Nb6 14. b3 O-O 15. Re1 Rfe8 16. Bd3 Bb7 17. Re2 a5 18. Rhe1 Bf8 19. Kc2 a4 20. Rb1 axb3+ 21. axb3 Bg7 22. Bd2 d6 23. Bc3 Nd7 24. exd6 Rxe2+ 25. Bxe2 cxd6 26. Nd2 Re8 27. Bxg7 Kxg7 28. Kd1 Ra8 29. Kc2 Nb6 30. Bf3 f5 31. h4 Nd7 32. Re1 Kf6 33. Kb2 Ne5 34. Re2 h6 35. g3 g5 36. hxg5+ hxg5 37. Bg2 Rh8 38. Nf1 Re8 39. Kc3 Ra8 40. Rd2 Rd8 41. Nh2 Ke7 42. Nf3 Nxf3 43. Bxf3 Kd7 44. c5 d5 45. Kd4 Ke6 46. Ra2 Kf6 47. Be2 Re8 48. Bd3 g4 49. Ra7 Rb8 50. b4 Ba8 51. Ra4 Ke6 52. b5 cxb5 53. Ra6+ Ke7 54. Bxf5 b4 55. Rb6 Rf8 56. Ke5 Rf7 57. Rxb4 Bc6 58. Rxg4 Kf8 59. Rg6 Re7+ 60. Be6 Ke8 61. Rg8# 1-0

[Event "GER-ch Women 2020"]
[Site "Magdeburg"]
[Date "2020.08.19"]
[Round "5.8"]
[White "Stowicek, Yara Mathilda"]
[Black "Brunner, Sophia"]
[Result "1/2-1/2"]
[ECO "C06"]
[WhiteElo "1674"]
[BlackElo "1881"]
[Annotator "NA"]
[PlyCount "65"]
[EventDate "2020.08.16"]
[EventType "swiss"]
[EventCountry "GER"]
[SourceTitle "playchess.com"]
[Source "ChessBase"]
[SourceQuality "1"]
[TimeControl "40/5400+30:1800+30"]

1. e4 e6 2. d4 d5 3. Nd2 Nf6 4. e5 Nfd7 5. Bd3 c5 6. c3 Nc6 7. Ne2 cxd4 8. cxd4 f6 9. exf6 Qxf6 10. Nf3 h6 11. O-O Bd6 $1 12. Ng3 O-O 13. Be3 Rd8 14. Nh5 Qf7 15. Nh4 Nf8 16. Qg4 Kh8 17. Ng6+ Nxg6 $11 18. Bxg6 Qf8 19. Ng3 Ne7 20. Bc2 e5 21. Qh5 e4 22. f3 g6 23. Qxh6+ Qxh6 24. Bxh6 Bxg3 25. hxg3 Nf5 26. Bg5 Re8 27. fxe4 Nxg3 28. Bf6+ Kg8 29. Rfe1 Nxe4 30. Be5 Bf5 31. Bxe4 Bxe4 32. Rac1 Rac8 33. Kf2 1/2-1/2

[Event "GER-ch Women 2020"]
[Site "Magdeburg"]
[Date "2020.08.19"]
[Round "5.9"]
[White "Kopylov, Luba"]
[Black "Von Herman, Brigitte"]
[Result "1-0"]
[ECO "E33"]
[WhiteElo "2027"]
[BlackElo "2085"]
[Annotator "ChessBase"]
[PlyCount "52"]
[EventDate "2020.08.16"]
[EventType "swiss"]
[EventCountry "GER"]
[SourceTitle "playchess.com"]
[Source "ChessBase"]
[SourceQuality "1"]
[TimeControl "40/5400+30:1800+30"]

1. d4 Nf6 2. c4 e6 3. Nc3 Bb4 4. Qc2 Nc6 5. Nf3 d6 6. Bd2 O-O 7. a3 Bxc3 8. Bxc3 Qe7 9. e3 e5 10. d5 Nb8 11. Nd2 c6 12. dxc6 bxc6 13. Bd3 Re8 14. Ne4 Nbd7 15. Bb4 c5 16. Ba5 Nf8 17. Rd1 Bb7 18. Nxd6 Reb8 19. O-O Bc6 20. Ne4 h5 21. Nxf6+ Qxf6 22. Bc3 Qg5 23. Be4 Bxe4 24. Qxe4 Re8 25. Rd5 f5 26. Rxe5 Qd8 1-0

[Event "GER-ch Women 2020"]
[Site "Magdeburg"]
[Date "2020.08.19"]
[Round "5.10"]
[White "Zimmer, Elke"]
[Black "Schumann, Rabea"]
[Result "1-0"]
[ECO "A00"]
[WhiteElo "1952"]
[BlackElo "1871"]
[Annotator "ChessBase"]
[PlyCount "131"]
[EventDate "2020.08.16"]
[EventType "swiss"]
[EventCountry "GER"]
[SourceTitle "playchess.com"]
[Source "ChessBase"]
[SourceQuality "1"]
[TimeControl "40/5400+30:1800+30"]

1. b4 Nf6 2. Bb2 d5 3. Nf3 g6 4. Bxf6 exf6 5. a3 Bg7 6. d4 O-O 7. e3 Bg4 8. h3 Bxf3 9. Qxf3 c6 10. Nd2 Nd7 11. Bd3 Re8 12. O-O f5 13. Rac1 b5 14. Nb3 a6 15. Qg3 Qb8 16. Qf3 Qd8 17. Na5 Qc7 18. Nb3 Qd8 19. g3 Qc7 20. c3 Nf6 21. Rc2 Qd6 22. Ra2 Re7 23. Rfa1 Rea7 24. Qf4 Qe7 25. a4 Ne8 26. Kg2 Bf8 27. g4 fxg4 28. hxg4 Nd6 29. a5 g5 30. Qf3 h6 31. Re1 Re8 32. Rc2 Ne4 33. Qf5 Qe6 34. Bxe4 Qxe4+ 35. Qxe4 Rxe4 36. f3 Re6 37. Rce2 Ra8 38. e4 dxe4 39. fxe4 Rd8 40. Rf1 Rde8 41. Nd2 Kg7 42. Rf5 f6 43. Kf3 Bd6 44. Nb3 Kg6 45. Nd2 Bf4 46. Nb3 Bd6 47. Nc5 Bxc5 48. Rxc5 h5 49. gxh5+ Kxh5 50. c4 bxc4 51. Rxc4 Kg6 52. e5 fxe5 53. Rxe5 Rxe5 54. dxe5 Re6 55. Kg4 Rxe5 56. Rxc6+ Kf7 57. Rxa6 Ke7 58. Rb6 Kd7 59. a6 Kc7 60. Rb7+ Kc8 61. b5 Rc5 62. b6 Ra5 63. Rc7+ Kb8 64. a7+ Ka8 65. Rc8+ Kb7 66. Rb8+ 1-0

[Event "GER-ch Women 2020"]
[Site "Magdeburg"]
[Date "2020.08.19"]
[Round "5.11"]
[White "Roos, Karin"]
[Black "Hielscher, Ursula"]
[Result "0-1"]
[ECO "C01"]
[WhiteElo "1772"]
[BlackElo "1789"]
[Annotator "NA"]
[PlyCount "102"]
[EventDate "2020.08.16"]
[EventType "swiss"]
[EventCountry "GER"]
[SourceTitle "playchess.com"]
[Source "ChessBase"]
[SourceQuality "1"]
[TimeControl "40/5400+30:1800+30"]

1. e4 e6 2. d4 d5 3. exd5 exd5 4. Bd3 Nf6 5. Nf3 Bg4 6. h3 Bh5 7. Nbd2 Nc6 8. c3 Bd6 9. O-O Ne7 10. Qc2 Bg6 11. Ne5 Bxd3 12. Qxd3 Qc8 13. b3 c6 14. Bb2 Qf5 15. Rae1 O-O 16. Re3 c5 17. c4 Qxd3 18. Rxd3 cxd4 19. Bxd4 Nf5 20. Bb2 Rfe8 21. Ng4 Nxg4 22. hxg4 Ne7 23. cxd5 Rad8 24. Nc4 Bb8 25. d6 Nc6 26. Rfd1 b5 27. Ne3 Rd7 28. Nf5 f6 29. Kf1 Kf7 30. a3 Nd8 31. Bc3 a6 32. Ba5 Nb7 33. Bc7 Nc5 34. Rc3 Ne4 35. Rc6 g6 36. Bxb8 Rxb8 37. Rc7 Rbd8 38. Rxd7+ Rxd7 39. f3 gxf5 40. fxe4 fxg4 41. Kf2 Ke6 42. Ke3 Rxd6 43. Rh1 Rd7 44. Rh5 Rc7 45. Kd2 Rg7 46. Ke3 Kf7 47. Rc5 Kg6 48. Kf4 h5 49. g3 Rd7 50. Rc6 Rd3 51. Rxa6 Rf3# 0-1